 Dungeon Crawl Stone Soup version 0.27-a0-538-g15ff5c5295 (webtiles) character file.

Game seed: 1069734996001323447

65 shoop the Vexing (level 4, -5/42 HPs)
             Began as an Ogre Arcane Marksman on Mar 6, 2021.
             Slain by a worm (9 damage)
             ... on level 2 of the Dungeon.
             The game lasted 00:03:21 (2594 turns).

shoop the Vexing (Ogre Arcane Marksman)             Turns: 2594, Time: 00:03:21

Health: -5/42      AC:  3    Str: 15    XL:     4   Next: 13%
Magic:  14/14      EV:  9    Int: 14    God:
Gold:   60         SH:  0    Dex:  9    Spells: 1/5 levels left

rFire    . . .     SeeInvis .   b - +0 whip
rCold    + . .     Faith    .   (no shield)
rNeg     . . .     Spirit   .   a - +0 robe
rPois    .         Reflect  .   (helmet restricted)
rElec    .         Harm     .   (no cloak)
rCorr    .         Rampage  .   (gloves unavailable)
Will     .....                  (boots unavailable)
Stlth    +.........             j - amulet of the acrobat
HPRegen  0.14/turn              h - ring of magical power
MPRegen  0.14/turn              i - ring of protection from cold

@: lethally poisoned (-5 -> -7)
A: large, unfitting armour, tough skin 1
a: no special abilities


You were on level 2 of the Dungeon.
You visited 1 branch of the dungeon, and saw 2 of its levels.

You collected 60 gold pieces.

Inventory:

Hand Weapons
 b - a +0 whip (weapon)
Missiles
 c - 4 large rocks (quivered)
 d - 3 throwing nets
Armour
 a - a +0 robe (worn)
Jewellery
 h - a ring of magical power (left hand)
 i - a ring of protection from cold (right hand)
 j - an amulet of the acrobat (around neck)
Scrolls
 g - 2 scrolls of teleportation {unknown}
 k - 2 scrolls of identify {unknown}
 l - a scroll of immolation {unknown}
Potions
 e - a potion of curing {unknown}
 f - 2 potions of mutation {unknown}


   Skills:
 + Level 2.1 Fighting
 * Level 2.5 Maces & Flails
 + Level 2.5 Throwing
 - Level 1.7 Dodging
 + Level 0.2 Stealth
 - Level 1.2 Spellcasting
 - Level 2.6 Hexes


You had one spell level left.
You knew the following spells:

 Your Spells              Type           Power      Damage    Failure   Level
a - Corona                Hex            8%         N/A       9%          1
c - Inner Flame           Hex/Fire       4%         N/A       41%         3

Your spell library contained the following spells:

 Spells                   Type           Power      Damage    Failure   Level
 Slow                     Hex            8%         N/A       13%         2
 Portal Projectile        Hex/Tloc       8%         N/A       41%         3
 Cause Fear               Hex            4%         N/A       65%         4
 Leda's Liquefaction      Hex/Erth       2%         N/A       83%         4


Dungeon Overview and Level Annotations

Branches:
Dungeon (2/15)

Altars:
Okawaru


Innate Abilities, Weirdness & Mutations

You are too large for most types of armour.
You have tough skin. (AC +1)


Message History

You closely miss the leopard gecko.
The leopard gecko is heavily wounded.
The leopard gecko barely misses you.
You closely miss the leopard gecko.
The leopard gecko is heavily wounded.
The leopard gecko bites you but does no damage.
You completely miss the leopard gecko.
The leopard gecko is heavily wounded.
The leopard gecko bites you.
You hit the leopard gecko.
You kill the leopard gecko!
You hit the adder.
The adder is lightly wounded.
The adder bites you but does no damage. The adder bites you.
You are poisoned.
The adder poisons you!
You barely miss the adder.
The adder is lightly wounded.
You feel sick. The adder closely misses you.
You hit the adder.
The adder is moderately wounded.
The adder bites you but does no damage. The worm closely misses you.
You closely miss the adder.
The adder is moderately wounded.
You feel sick. The adder completely misses you.
You barely miss the adder.
The adder is moderately wounded.
The adder barely misses you. The worm bites you!
* * * LOW HITPOINT WARNING * * *
The adder barely misses you.
You closely miss the adder.
The adder is moderately wounded.
You feel sick. The adder closely misses you. The worm barely misses you.
You hit the adder.
The adder is heavily wounded.
The adder barely misses you.
You closely miss the adder.
The adder is heavily wounded.
The adder bites you but does no damage. The worm bites you!
You die...

#####..!#_#.###.
.........#......
#......##..##########
##....###<.#.....#..<
......# #....#
#..#.....#.#. ......#
##.#####......... ..
......# #.g###.............
......# ##S##..............
...>..# #@##...w..........
......#
####.w#.#.....K......
......#
#.......#.#.#.###....
......### #.#.......#.#
#####...# #.#.#..##.#.. .
#.......#####.........###..
#.###...#.^.))."##..#......
#.#
#...#.#####.###.#..##...
#.# #.....# #####....##.###


You could see a worm, an adder and a hobgoblin.

Vanquished Creatures
  2 adders
  3 worms (D:2)
  A dart slug (D:1)
  3 leopard geckos
  A giant cockroach (D:1)
  2 goblins (D:2)
  2 hobgoblins (D:1)
  7 jackals
  2 kobolds
  2 quokkas (D:2)
  A bat (D:1)
  2 frilled lizards (D:2)
  3 rats
31 creatures vanquished.

Notes
Turn   | Place    | Note
-------+----------+-------------------------------------------
     0 | D:1      | shoop the Ogre Arcane Marksman began the quest for the Orb.
     0 | D:1      | Reached XP level 1. HP: 19/19 MP: 2/2
   267 | D:1      | Reached skill level 1 in Maces & Flails
   267 | D:1      | Reached XP level 2. HP: 27/27 MP: 3/3
  1135 | D:2      | Reached XP level 3. HP: 24/35 MP: 4/4
  1454 | D:1      | HP: 1/35 [poisoned by an adder]
  2295 | D:2      | Reached XP level 4. HP: 34/42 MP: 5/5
  2322 | D:2      | Learned a level 3 spell: Inner Flame
  2562 | D:2      | Found an iron altar of Okawaru.
  2594 | D:2      | Slain by a worm

Illustrated notes

Levels and vault maps discovered:
D:1:      mushboom_english_gardens, layout_basic
D:2:      layout_basic, okawaru_metal_pillars_1_2

Skill      XL: |  1  2  3 |
---------------+----------+-----
Maces & Flails | 1 2 |  2.5
Fighting       | 2 |  2.1
Throwing       | |  2.5
Dodging        | |  1.7
Stealth        | |  0.2
Spellcasting   | |  1.2
Hexes          | |  2.6

Action                   |  1- 3 |  4- 6 || total
-------------------------+-------+-------++-------
Melee: Whip              |   153 |    42 ||   195
 Stab: Sleeping          |     1 |       ||     1
Armor: Robe              |    51 |     9 ||    60
Dodge: Dodged            |   103 |    20 ||   123

Table legend: (Time is in decaauts)
 A = Elapsed time spent in this place.
 B = Non-inter-level travel time spent in this place.
 C = Inter-level travel time spent in this place.
 D = Time resting spent in this place.
 E = Time spent auto-exploring this place.
 F = Levels seen in this place.
 G = Mean time per level.
                   A        B        C        D        E       F      G
               +--------+--------+--------+--------+--------+-----+--------+
         Total |   2599 |   2506 |     93 |    748 |   1373 |   2 | 1299.5 |
       Dungeon |   2599 |   2506 |     93 |    748 |   1373 |   2 | 1299.5 |
               +--------+--------+--------+--------+--------+-----+--------+

Top non-repeatable levels by time:
     D:1: 1551 daAuts
     D:2: 1047 daAuts
